 Dungeon Sprint DCSS version 0.18.1-50-g88ac8fd (webtiles) character file.

899 varam the Sharpshooter (level 7, -4/58 HPs)
             Began as a Minotaur Hunter on Oct 10, 2016.
             Was a Priest of Okawaru.
             Slain by a merfolk
             ... wielding a +0 trident
              (17 damage)
             ... in the Dungeon (Sprint V: "Ziggurat Sprint").
             The game lasted 00:03:56 (271 turns).

varam the Sharpshooter (Minotaur Hunter)             Turns: 271, Time: 00:03:57

Health: -4/58      AC: 15    Str: 17    XL:     7   Next: 79%
Magic:  6/6        EV: 14    Int:  8    God:    Okawaru [***...]
Gold:   0          SH:  0    Dex: 24    Spells: 0 memorised, 6 levels left

rFire  . . .     SeeInvis +     C - +9 heavy crossbow "Sniper" {velocity, nevermiss, SInv}
rCold  . . .     Gourm    .     a - +5 storm dragon armour
rNeg   . . .     Faith    .     (shield currently unavailable)
rPois  .         Spirit   .     (helmet restricted)
rElec  +         Dismiss  .     (no cloak)
rCorr  .         Reflect  .     (no gloves)
SustAt .         Harm     .     (no boots)
MR     .....     NoTele   +     (no amulet)
Stlth  ..........               I - +6 ring of dexterity
                                H - +6 ring of dexterity

@: lethally poisoned (-4 -> -34), studying Crossbows, not resistant to hostile
enchantments, extremely unstealthy
A: retaliatory headbutt, horns 2
a: Heroism, Renounce Religion


You were in the Dungeon.
You worshipped Okawaru.
Okawaru was most pleased with you.
You were not hungry.

You visited 1 branch

Inventory:

Hand Weapons
 b - the cursed +14 obsidian axe {chop, +Fly Str+3 SInv *Curse}
   (You found it in the Dungeon)

   It inflicts extra damage upon your enemies.
   It affects your strength (+3).
   It lets you see invisible.
   It lets you fly.
   It may re-curse itself when equipped.
   It has a curse placed upon it.
 B - a +5 arbalest
 C - the +9 heavy crossbow "Sniper" (weapon) {velocity, nevermiss, SInv}
   (You found it in the Dungeon)

   Any bolt fired from it inflicts extra damage.
   It lets you see invisible.
Missiles
 d - 1016 bolts (quivered)
Armour
 a - a +5 storm dragon armour (worn)
 c - a +0 leather armour
 y - a +5 crystal plate armour
 N - the +18 shield of the gong {rElec rN+ MR+ EV-5}
   (You found it in the Dungeon)

   It affects your evasion (-5).
   It insulates you from electricity.
   It protects you from negative energy.
   It affects your resistance to hostile enchantments.
Jewellery
 H - a +6 ring of dexterity (left hand)
 I - a +6 ring of dexterity (right hand)
 J - a +6 ring of intelligence
 K - a +6 ring of intelligence
 L - a +6 ring of strength
 M - a +6 ring of strength
Wands
 D - a wand of disintegration (7/24)
 E - a wand of iceblast (5/15)
 F - a wand of lightning (5/15)
 G - a wand of acid (5/15)
Scrolls
 k - 4 scrolls of blinking
 n - 4 scrolls of amnesia
 o - 3 scrolls of recharging
 p - 7 scrolls of fog
 q - a scroll of holy word
 r - 5 scrolls of identify
 s - 5 scrolls of remove curse
 t - 2 scrolls of fear
Potions
 e - 10 potions of curing
 g - 10 potions of heal wounds
 h - 6 potions of haste
 i - 7 potions of magic
 j - 3 potions of berserk rage
 u - 2 potions of brilliance
 v - 2 potions of invisibility
 w - 4 potions of resistance
 x - a potion of experience
 z - 5 potions of agility
 A - 5 potions of might
Books
 O - a manual of Crossbows
Comestibles
 f - 5 bread rations
 l - 42 fruits
 m - 4 meat rations
 P - 8 chunks of flesh


   Skills:
 - Level 3.7 Fighting
 * Level 17.0 Crossbows
 - Level 0.5 Armour
 + Level 9.9 Dodging
 - Level 1.2 Stealth


You had 6 spell levels left.
You didn't know any spells.

Dungeon Overview and Level Annotations

Branches:
Dungeon (1/1)

Altars:
Ashenzari
Cheibriados
Dithmenos
Elyvilon
Fedhas
Gozag
Kikubaaqudgha
Makhleb
Nemelex Xobeh
Okawaru
Pakellas
Qazlal
Ru
Sif Muna
Trog
Vehumet
Xom
Yredelemnul
Zin
The Shining One
Beogh
Jiyva
Lugonu


Innate Abilities, Weirdness & Mutations

You reflexively headbutt those who attack you in melee.
You have a pair of horns on your head.


Message History

Press: ? - help, Shift-Dir - straight line, f/p - merfolk
Aim: a merfolk, wielding a trident (almost dead)
You shoot a bolt. The bolt hits the merfolk!!
You kill the merfolk!
Okawaru is honoured by your kill.
Your Crossbows skill gained 2 levels and is now at level 17!
The merfolk hits you from afar with a trident of venom!
You are poisoned.
The merfolk hits you from afar with a trident of venom!!
You are lethally poisoned!
The merfolk closely misses you.
Firing (i - inventory):
d - 1017 bolts (quivered)
Press: ? - help, Shift-Dir - straight line, f - merfolk
Aim: a merfolk, wielding a trident You shoot a bolt.
The bolt hits the merfolk!!
The merfolk is severely wounded.
* * * LOW HITPOINT WARNING * * *
You feel very sick.
The merfolk hits you from afar with a trident!
You die...

▓▓▓▓▓▓▓▓▓▓▓▓▓▓▓▓▓▓▓
▓.8©8.▓.8©8.▓.8©8.▓
▓.|...▓.)):.▓.....▓
▓.(}..▓.....▓...[.▓
▓.....▓...†.▓..)..▓
▓.mmm.▓.....▓.....▓
▓.....▓.%...▓..(..▓
▓..@..▓.....▓▓▓▓▓▓▓
▓▓▓▓▓▓▓▓▓▓▓▓▓


You could see 3 merfolk.

Vanquished Creatures
  A cyclops (D)
  A merfolk (D)
  A tarantella (D)
  An ogre (D)
  2 scorpions (D)
6 creatures vanquished.

Notes
Turn   | Place    | Note
--------------------------------------------------------------
     0 | D        | varam the Minotaur Hunter began the quest for the Orb.
     0 | D        | Reached XP level 1. HP: 18/18 MP: 0/0
     0 | D        | Found an iron altar of Okawaru.
     0 | D        | Found a burning altar of Makhleb.
     0 | D        | Found a radiant altar of Vehumet.
     0 | D        | Found a deep blue altar of Sif Muna.
     0 | D        | Found a shimmering altar of Xom.
     0 | D        | Found a bloodstained altar of Trog.
     8 | D        | Became a worshipper of Warmaster Okawaru
    10 | D        | Found a white marble altar of Elyvilon.
    10 | D        | Found a sparkling altar of Nemelex Xobeh.
    10 | D        | Found a corrupted altar of Lugonu.
    10 | D        | Found a roughly hewn altar of Beogh.
    10 | D        | Found a viscous altar of Jiyva.
   132 | D        | Entered arena 1.
   132 | D        | Noticed a cyclops
   132 | D        | Noticed an ogre
   133 | D        | Killed an ogre
   133 | D        | Reached * piety under Okawaru
   133 | D        | Reached skill level 9 in Crossbows
   133 | D        | Reached skill level 1 in Stealth
   133 | D        | Reached XP level 2. HP: 27/27 MP: 1/1
   133 | D        | Reached XP level 3. HP: 33/33 MP: 2/2
   133 | D        | Reached XP level 4. HP: 40/40 MP: 3/3
   135 | D        | Killed a cyclops
   135 | D        | Reached ** piety under Okawaru
   135 | D        | Reached skill level 13 in Crossbows
   135 | D        | Reached XP level 5. HP: 46/46 MP: 4/4
   135 | D        | Reached XP level 6. HP: 52/52 MP: 5/5
   151 | D        | Entered arena 2.
   151 | D        | Noticed a tarantella
   152 | D        | Killed a tarantella
   152 | D        | Reached skill level 15 in Crossbows
   152 | D        | Reached XP level 7. HP: 58/58 MP: 6/6
   268 | D        | Entered arena 3.
   268 | D        | Noticed a merfolk
   268 | D        | Noticed a merfolk
   268 | D        | Noticed a merfolk
   268 | D        | Noticed a merfolk
   270 | D        | Killed a merfolk
   270 | D        | Reached *** piety under Okawaru
   270 | D        | Reached skill level 17 in Crossbows
   271 | D        | Slain by a merfolk

Skill      XL: |  1  2  3  4  5  6  7 |
---------------+----------------------+-----
Fighting       | 3 |  3.7
Crossbows      | 9 13 15 17 | 17.0
Stealth        | 1 |  1.2
Dodging        | 8 9 |  9.9
Armour         | |  0.5

Action                   |  1- 3 |  4- 6 |  7- 9 || total
-------------------------+-------+-------+-------++-------
 Fire: Heavy crossbow    |     1 |     3 |     5 ||     9
Armor: Storm dragon armo |       |     1 |     2 ||     3
Dodge: Dodged            |     1 |     1 |     4 ||     6
